[Event "European Online Club-ch-F 2021"]
[Site "Online"]
[Date "2021.03.27"]
[Round "3.10"]
[White "Katkov, Michelle"]
[Black "Zwardon, Vojtech"]
[Result "0-1"]
[ECO "B22"]
[WhiteElo "2078"]
[BlackElo "2466"]
[Annotator "ChessBase"]
[PlyCount "102"]
[EventDate "2021.03.27"]
[EventType "team-tourn"]
[EventCountry "NET"]
[SourceTitle "playchess.com"]
[Source "ChessBase"]
[SourceQuality "1"]
[TimeControl "900+5"]

1. e4 c5 2. c3 Nf6 3. e5 Nd5 4. d4 cxd4 5. cxd4 d6 6. Nf3 Nc6 7. Bc4 Be6 8. Qb3 dxe5 9. Qxb7 Qc8 10. Qxc8+ Rxc8 11. Bb5 Bd7 12. O-O e4 13. Bxc6 Rxc6 14. Ne5 Rc2 15. Na3 Rc8 16. Re1 Bf5 17. g4 Bg6 18. Nxg6 hxg6 19. Rxe4 Nf6 20. Re2 Nxg4 21. f3 Nf6 22. Bg5 Nd5 23. Re5 e6 24. Rae1 Kd7 25. Bd2 Bxa3 26. bxa3 Rc2 27. R1e2 Rxa2 28. Bb4 Ra1+ 29. Re1 Rxe1+ 30. Rxe1 Rc8 31. Bc5 a6 32. Rb1 Kc6 33. Kf2 g5 34. Rc1 Rh8 35. Kg3 Nf4 36. Rc2 Kd5 37. Be7 f6 38. h4 Rxh4 39. Rc7 Kxd4 40. Bc5+ Kd5 41. Be3 Rh3+ 42. Kf2 Rh2+ 43. Kg1 Ra2 44. Rd7+ Kc6 45. Rxg7 Nd5 46. Bd4 Rxa3 47. Kf2 e5 48. Ba7 Ra2+ 49. Kg3 Kd6 50. Bb8+ Ke6 51. Ra7 Nf4 0-1

[Event "European Online Club-ch-F 2021"]
[Site "Online"]
[Date "2021.03.27"]
[Round "3.11"]
[White "Druska, Juraj"]
[Black "Stolyarsky, Yegor"]
[Result "1/2-1/2"]
[ECO "A45"]
[WhiteElo "2495"]
[BlackElo "2063"]
[Annotator "ChessBase"]
[PlyCount "81"]
[EventDate "2021.03.27"]
[EventType "team-tourn"]
[EventCountry "NET"]
[SourceTitle "playchess.com"]
[Source "ChessBase"]
[SourceQuality "1"]
[TimeControl "900+5"]

1. d4 Nf6 2. Bg5 g6 3. Bxf6 exf6 4. g3 f5 5. e3 d5 6. c4 Bg7 7. Nc3 dxc4 8. Qa4+ c6 9. Qxc4 O-O 10. Bg2 h5 11. h4 Nd7 12. Nge2 Nf6 13. Nf4 Kh7 14. O-O Ng4 15. Rfd1 g5 16. hxg5 Qxg5 17. Nce2 h4 18. Qb3 hxg3 19. Nxg3 Be6 20. Nxe6 fxe6 21. Qxe6 Rae8 22. Qb3 Nxe3 23. Rd3 Nxg2 24. Kxg2 f4 25. Rh1+ Bh6 26. Qxb7+ Re7 27. Qxc6 Rf6 28. Qc2 Qg6 29. Rc3 Qxc2 30. Rxc2 fxg3 31. fxg3 Rd6 32. d5 Rxd5 33. Rc6 Rd2+ 34. Kf3 Re3+ 35. Kg4 Rd4+ 36. Kf5 Rd5+ 37. Kg4 Re4+ 38. Kf3 Re3+ 39. Kg4 Rd4+ 40. Kf5 Rd5+ 41. Kg4 1/2-1/2

[Event "European Online Club-ch-F 2021"]
[Site "Online"]
[Date "2021.03.27"]
[Round "3.12"]
[White "Gleizer, Adar"]
[Black "Jablonicky, Martin"]
[Result "0-1"]
[ECO "C27"]
[WhiteElo "1833"]
[BlackElo "2298"]
[Annotator "NA"]
[PlyCount "60"]
[EventDate "2021.03.27"]
[EventType "team-tourn"]
[EventCountry "NET"]
[SourceTitle "playchess.com"]
[Source "ChessBase"]
[SourceQuality "1"]
[TimeControl "900+5"]

1. e4 Nf6 2. Nc3 e5 3. Bc4 c6 4. d3 d5 5. Bb3 Bd6 6. exd5 cxd5 7. Bxd5 Nxd5 8. Nxd5 Be6 9. Nc3 O-O 10. Nf3 Nc6 11. Be3 Rc8 12. Qe2 Re8 13. O-O Bg4 14. h3 Nd4 15. Bxd4 exd4 16. Ne4 Bh5 17. Qd2 Bxf3 18. gxf3 Re6 19. Ng3 Qh4 20. Kg2 Rg6 21. Qe1 Rxg3+ 22. fxg3 Rxc2+ 23. Kg1 Qxh3 24. Rf2 Qxg3+ 25. Kf1 Qh3+ 26. Kg1 Bh2+ 27. Kh1 Bg3+ 28. Kg1 Bxf2+ 29. Qxf2 Rxf2 30. Kxf2 Qh2+ 0-1

[Event "European Online Club-ch-F 2021"]
[Site "Online"]
[Date "2021.03.27"]
[Round "3.13"]
[White "Gokerkan, Cem Kaan"]
[Black "Isik, Alparslan"]
[Result "1/2-1/2"]
[ECO "B22"]
[WhiteElo "2470"]
[BlackElo "2321"]
[Annotator "ChessBase"]
[PlyCount "184"]
[EventDate "2021.03.27"]
[EventType "team-tourn"]
[EventCountry "NET"]
[SourceTitle "playchess.com"]
[Source "ChessBase"]
[SourceQuality "1"]
[TimeControl "900+5"]

1. e4 c5 2. c3 d5 3. exd5 Qxd5 4. d4 g6 5. Nf3 Bg7 6. dxc5 Qxd1+ 7. Kxd1 Nf6 8. Bd3 a5 9. Re1 Nbd7 10. Be3 Ng4 11. Nbd2 Nxe3+ 12. Rxe3 Nxc5 13. Bb5+ Bd7 14. Bxd7+ Nxd7 15. Kc2 e6 16. Rd1 Ke7 17. Ne4 Nf6 18. Nd6 Rhd8 19. Nxb7 Rxd1 20. Kxd1 Rb8 21. Nxa5 Rxb2 22. Re2 Rxe2 23. Kxe2 Nd5 24. Nc6+ Kd6 25. Nb4 Nxc3+ 26. Kd3 Kc5 27. a3 Nd1 28. Ke2 Nc3+ 29. Kd3 Nd1 30. Ng5 Nxf2+ 31. Ke2 Ng4 32. Nxf7 Nxh2 33. Ng5 Kc4 34. Nxh7 Bb2 35. Nc2 Kc3 36. Kd1 Ng4 37. a4 Kd3 38. Ne1+ Kc4 39. Nf8 Bc3 40. Nxe6 Kb4 41. g3 Kxa4 42. Nd3 Kb5 43. Ke2 Kc6 44. Kf3 Ne5+ 45. Nxe5+ Bxe5 46. g4 Kd6 47. Nf8 g5 48. Ke4 Bf4 49. Kf5 Ke7 50. Nh7 Kf7 51. Nf6 Bc1 52. Ne4 Kg8 53. Kg6 Kf8 54. Nf6 Bd2 55. Nd7+ Kg8 56. Nc5 Bc1 57. Ne6 Kh8 58. Kf7 Kh7 59. Nf8+ Kh8 60. Nd7 Kh7 61. Nf6+ Kh8 62. Ne4 Kh7 63. Nc5 Kh8 64. Nd3 Bd2 65. Kg6 Kg8 66. Ne5 Kh8 67. Nf3 Bc1 68. Nd4 Kg8 69. Ne2 Be3 70. Ng3 Bc1 71. Nf5 Kh8 72. Ne7 Bd2 73. Nf5 Bc1 74. Nh6 Bd2 75. Nf7+ Kg8 76. Nxg5 Bxg5 77. Kxg5 Kg7 78. Kf5 Kf7 79. Kg5 Kg7 80. Kh5 Kh7 81. g5 Kg7 82. g6 Kg8 83. Kh6 Kh8 84. Kg5 Kg7 85. Kf5 Kg8 86. Kf4 Kg7 87. Kg5 Kg8 88. Kf5 Kg7 89. Kg5 Kg8 90. Kf6 Kf8 91. g7+ Kg8 92. Ke6 Kxg7 1/2-1/2

[Event "European Online Club-ch-F 2021"]
[Site "Online"]
[Date "2021.03.27"]
[Round "3.14"]
[White "Karaoglan, Doruk"]
[Black "Ozen, Deniz"]
[Result "1-0"]
[ECO "C42"]
[WhiteElo "2230"]
[BlackElo "2397"]
[Annotator "NA"]
[PlyCount "105"]
[EventDate "2021.03.27"]
[EventType "team-tourn"]
[EventCountry "NET"]
[SourceTitle "playchess.com"]
[Source "ChessBase"]
[SourceQuality "1"]
[TimeControl "900+5"]

1. e4 e5 2. Nf3 Nf6 3. Nxe5 Nxe4 4. Qe2 Qe7 5. Qxe4 d6 6. d4 dxe5 7. Qxe5 Qxe5+ 8. dxe5 Bf5 9. c3 Nd7 10. Bf4 O-O-O 11. Bc4 Nxe5 12. Bxe5 Re8 13. O-O Rxe5 14. Bxf7 Bd3 15. Rd1 Bc5 16. Nd2 Re2 17. Nf3 Bxf2+ 18. Kh1 Be4 19. b4 c6 20. Ng5 Bc2 21. Rf1 Bh4 22. Bc4 Re3 23. Nf7 Rhe8 24. Nd6+ Kc7 25. Nxe8+ Rxe8 26. Rf7+ Kb6 27. a4 a6 28. a5+ Ka7 29. Rd7 Bf6 30. Rf1 Re3 31. Rf3 Re1+ 32. Rf1 Re3 33. Rf3 Re1+ 34. Bf1 Bd1 35. Rf2 Bb3 36. Kg1 Bc4 37. Rf4 Bb3 38. Kf2 Rc1 39. c4 Rc2+ 40. Be2 Rb2 41. g4 h6 42. Kf3 Ba4 43. h4 Rxb4 44. g5 hxg5 45. hxg5 Bxg5 46. Rff7 c5 47. Rc7 Bd8 48. Rc8 Bxa5 49. Rxc5 Bb6 50. Rc8 Rb3+ 51. Kg4 Rb1 52. Bf3 Bd1 53. Rxb7# 1-0

[Event "European Online Club-ch-F 2021"]
[Site "Online"]
[Date "2021.03.27"]
[Round "3.15"]
[White "Ozen, Bahadir"]
[Black "Ozturk, Efe Hakan"]
[Result "1-0"]
[ECO "C00"]
[WhiteElo "2369"]
[BlackElo "2030"]
[Annotator "NA"]
[PlyCount "89"]
[EventDate "2021.03.27"]
[EventType "team-tourn"]
[EventCountry "NET"]
[SourceTitle "playchess.com"]
[Source "ChessBase"]
[SourceQuality "1"]
[TimeControl "900+5"]

1. g3 Nf6 2. Bg2 e6 3. d3 d5 4. Nf3 Be7 5. O-O O-O 6. Nbd2 c5 7. e4 Nc6 8. Re1 b5 9. e5 Nd7 10. Nf1 Qc7 11. Bf4 Bb7 12. h4 a5 13. h5 a4 14. Ne3 a3 15. b3 d4 16. Ng4 Nb4 17. h6 g6 18. Qd2 Nd5 19. Bg5 Qd8 20. Bxe7 Qxe7 21. Ng5 c4 22. dxc4 bxc4 23. bxc4 Ne3 24. Bxb7 Qxg5 25. Nh2 Rab8 26. Bg2 Nxe5 27. fxe3 d3 28. Rab1 Rxb1 29. Rxb1 dxc2 30. Qxc2 Qxe3+ 31. Qf2 Qxh6 32. c5 Rc8 33. c6 Qxh2+ 34. Kxh2 Ng4+ 35. Kg1 Nxf2 36. Kxf2 Kf8 37. Rb7 h6 38. Ke3 f5 39. Kf4 g5+ 40. Ke5 f4 41. gxf4 gxf4 42. Kxf4 h5 43. Ke5 h4 44. Kd6 h3 45. Bxh3 1-0

[Event "European Online Club-ch-F 2021"]
[Site "Online"]
[Date "2021.03.27"]
[Round "3.16"]
[White "Camlar, Arda"]
[Black "Kamer, Kayra"]
[Result "1/2-1/2"]
[ECO "E62"]
[WhiteElo "1934"]
[BlackElo "2339"]
[Annotator "NA"]
[PlyCount "119"]
[EventDate "2021.03.27"]
[EventType "team-tourn"]
[EventCountry "NET"]
[SourceTitle "playchess.com"]
[Source "ChessBase"]
[SourceQuality "1"]
[TimeControl "900+5"]

1. g3 g6 2. Bg2 Bg7 3. Nf3 Nf6 4. O-O O-O 5. c4 c6 6. Nc3 d6 7. d4 Qa5 8. Bd2 Qh5 9. e4 Bg4 10. Qe2 Nbd7 11. Qe3 e5 12. d5 cxd5 13. cxd5 Nb6 14. b3 Nfd7 15. Ng5 h6 16. h3 Qxg5 17. Qxg5 hxg5 18. hxg4 Bf6 19. Be3 Rfc8 20. Rfc1 Be7 21. Bf1 Nc5 22. f3 Kf8 23. Rc2 Na6 24. Bxa6 bxa6 25. Rac1 Bd8 26. Kf2 Rc7 27. Nb1 Rxc2+ 28. Rxc2 f6 29. Rc6 Ke7 30. Nd2 Rc8 31. Rxc8 Nxc8 32. Nc4 Kd7 33. Ke2 Nb6 34. Kd3 Nxc4 35. bxc4 Bb6 36. c5 dxc5 37. Kc4 Kd6 38. a3 Kd7 39. Bxc5 Ke8 40. d6 Ba5 41. Kd5 Kd7 42. Bxa7 Be1 43. Bc5 Bxg3 44. Bb4 Bf2 45. a4 Be3 46. Bc5 Bd2 47. Bf2 Bb4 48. Bc5 Bd2 49. Kc4 Kc6 50. Bb4 Be3 51. d7 Kxd7 52. Kd5 Bf2 53. Bc5 Be1 54. Be3 Bb4 55. Kc4 Be7 56. Bc5 Bd8 57. Kd5 Ba5 58. Ba3 Bd8 59. Bc1 Be7 60. Be3 1/2-1/2

[Event "European Online Club-ch-F 2021"]
[Site "Online"]
[Date "2021.03.27"]
[Round "3.17"]
[White "Hellers, Ferdinand"]
[Black "Sochacki, Christophe"]
[Result "1-0"]
[ECO "B00"]
[WhiteElo "2592"]
[BlackElo "2477"]
[Annotator "ChessBase"]
[PlyCount "65"]
[EventDate "2021.03.27"]
[EventType "team-tourn"]
[EventCountry "NET"]
[SourceTitle "playchess.com"]
[Source "ChessBase"]
[SourceQuality "1"]
[TimeControl "900+5"]

1. e4 Nc6 2. Nf3 d5 3. exd5 Qxd5 4. Nc3 Qd6 5. d4 Nf6 6. Nb5 Qd8 7. c4 e6 8. a3 a6 9. Nc3 Be7 10. g3 e5 11. d5 Bg4 12. Be2 Bxf3 13. Bxf3 Nd4 14. Bg2 O-O 15. O-O c5 16. dxc6 bxc6 17. Ne2 Qb6 18. Nxd4 exd4 19. b4 Rad8 20. Re1 Rfe8 21. c5 Qb5 22. a4 Qb7 23. Rb1 Bxc5 24. Rxe8+ Rxe8 25. Bg5 Be7 26. Qxd4 Nd5 27. Bxe7 Rxe7 28. b5 axb5 29. axb5 Rd7 30. Qc5 g6 31. Qxc6 Qxc6 32. bxc6 Rd6 33. Bxd5 1-0

[Event "European Online Club-ch-F 2021"]
[Site "Online"]
[Date "2021.03.27"]
[Round "3.18"]
[White "Sochacki, Wojtek"]
[Black "Rogule, Laura"]
[Result "1-0"]
[ECO "B30"]
[WhiteElo "2320"]
[BlackElo "2286"]
[Annotator "NA"]
[PlyCount "71"]
[EventDate "2021.03.27"]
[EventType "team-tourn"]
[EventCountry "NET"]
[SourceTitle "playchess.com"]
[Source "ChessBase"]
[SourceQuality "1"]
[TimeControl "900+5"]

1. e4 c5 2. Nf3 Nc6 3. b4 cxb4 4. d4 d5 5. exd5 Qxd5 6. c4 bxc3 7. Nxc3 Qa5 8. d5 Qxc3+ 9. Bd2 Qa3 10. dxc6 bxc6 11. Rc1 e6 12. Rc3 Qd6 13. Rd3 Qc7 14. Qa4 Bd7 15. Ba5 Qb8 16. Rb3 Qc8 17. Bc3 Nf6 18. Ba6 Qc7 19. O-O c5 20. Bb5 Bd6 21. Ba5 Bxb5 22. Qxb5+ Qd7 23. Qa6 O-O 24. Rb7 Qc8 25. Rfb1 Bf4 26. g3 Bh6 27. Ne5 Nd5 28. Nc4 Nb6 29. Bxb6 axb6 30. Qxb6 Rxa2 31. Nd6 Qd8 32. Qxc5 Qf6 33. Ne4 Qf5 34. Qxf8+ Kxf8 35. Rb8+ Ke7 36. R1b7# 1-0

[Event "European Online Club-ch-F 2021"]
[Site "Online"]
[Date "2021.03.27"]
[Round "3.19"]
[White "Reizniece-Ozola, Dana"]
[Black "Eden, James"]
[Result "1-0"]
[ECO "E68"]
[WhiteElo "2279"]
[BlackElo "2294"]
[Annotator "NA"]
[PlyCount "131"]
[EventDate "2021.03.27"]
[EventType "team-tourn"]
[EventCountry "NET"]
[SourceTitle "playchess.com"]
[Source "ChessBase"]
[SourceQuality "1"]
[TimeControl "900+5"]

1. c4 Nf6 2. Nf3 g6 3. g3 Bg7 4. Bg2 O-O 5. O-O d6 6. Nc3 e5 7. d4 exd4 8. Nxd4 Nbd7 9. e4 Re8 10. Re1 Nc5 11. h3 a5 12. Ndb5 Bd7 13. Rb1 Bc6 14. Bg5 h6 15. Bxf6 Bxf6 16. Nd5 Bxb5 17. Nxf6+ Qxf6 18. cxb5 a4 19. Qd2 Kg7 20. b4 axb3 21. axb3 Ra3 22. b4 Ne6 23. b6 cxb6 24. Qxd6 b5 25. e5 Qf5 26. Rb2 Ng5 27. Qf6+ Qxf6 28. exf6+ Kf8 29. Rxe8+ Kxe8 30. Bxb7 Kd7 31. h4 Nf3+ 32. Kg2 Ne1+ 33. Kf1 Nd3 34. Rd2 Ke6 35. Bc6 Nxb4 36. Bxb5 Kxf6 37. Rd7 Rc3 38. Rb7 Nd5 39. Be8 Rc7 40. Rb5 Nc3 41. Rb6+ Ke7 42. Bb5 Ne4 43. Bd3 Nd6 44. Kg2 Rc3 45. Bb1 Rc1 46. Bd3 Rd1 47. Be2 Rd2 48. Bf3 h5 49. Ra6 Nf5 50. Be4 Ne3+ 51. Kg1 Rd1+ 52. Kh2 Ng4+ 53. Kg2 Rd2 54. Ra7+ Kf6 55. Kg1 Rxf2 56. Bd5 Kg7 57. Be6 Rf3 58. Kg2 Ne5 59. Ra5 Re3 60. Ra7 Kf6 61. Bd5 Rd3 62. Ba2 Rd2+ 63. Kf1 Rb2 64. Kg1 Kf5 65. Ra4 f6 66. Rf4# 1-0

[Event "European Online Club-ch-F 2021"]
[Site "Online"]
[Date "2021.03.27"]
[Round "3.20"]
[White "Maatoug, Redwan"]
[Black "Cramling, Dan"]
[Result "1-0"]
[ECO "B02"]
[WhiteElo "2202"]
[BlackElo "2292"]
[Annotator "NA"]
[PlyCount "89"]
[EventDate "2021.03.27"]
[EventType "team-tourn"]
[EventCountry "NET"]
[SourceTitle "playchess.com"]
[Source "ChessBase"]
[SourceQuality "1"]
[TimeControl "900+5"]

1. e4 Nf6 2. Nc3 d5 3. e5 Nfd7 4. f4 c5 5. Nf3 d4 6. Ne4 e6 7. Bd3 Nc6 8. c3 Nb6 9. b3 Nd5 10. g3 a6 11. O-O b5 12. Nfg5 h6 13. Nxf7 Kxf7 14. Qh5+ Kg8 15. c4 Ndb4 16. Qg6 Be7 17. Be2 Bd7 18. Bh5 Qf8 19. a3 Nc2 20. Nf6+ Bxf6 21. exf6 Qxf6 22. Qxc2 Be8 23. Bxe8 Rxe8 24. cxb5 d3 25. Qxc5 Qxa1 26. Qxc6 Qd4+ 27. Kg2 Qd5+ 28. Qxd5 exd5 29. bxa6 Kf7 30. b4 Rb8 31. Bb2 Rhc8 32. Bd4 Rc4 33. a7 Ra8 34. Bc5 Rc2 35. Rd1 Ke6 36. Kf3 d4 37. Ke4 Rb2 38. Kxd4 Rb3 39. a4 Ra3 40. a5 g5 41. fxg5 hxg5 42. g4 Rd8+ 43. Kc4 Ra8 44. Re1+ Kd7 45. Re7+ 1-0

[Event "European Online Club-ch-F 2021"]
[Site "Online"]
[Date "2021.03.27"]
[Round "4.1"]
[White "Prieur, Eetu"]
[Black "Sochacki, Christophe"]
[Result "1-0"]
[ECO "B00"]
[WhiteElo "2172"]
[BlackElo "2477"]
[Annotator "ChessBase"]
[PlyCount "85"]
[EventDate "2021.03.27"]
[EventType "team-tourn"]
[EventCountry "NET"]
[SourceTitle "playchess.com"]
[Source "ChessBase"]
[SourceQuality "1"]
[TimeControl "900+5"]

1. e4 Nc6 2. Nf3 d5 3. exd5 Qxd5 4. Nc3 Qd6 5. Nb5 Qd8 6. d4 Nf6 7. Bf4 Nd5 8. Bg3 a6 9. Nc3 Nxc3 10. bxc3 e6 11. Bd3 Bd6 12. Ne5 Bxe5 13. dxe5 Qd5 14. Qg4 Kf8 15. Rd1 Qc5 16. O-O Bd7 17. Be4 Be8 18. Qg5 Rb8 19. Rd3 h6 20. Qf4 Qe7 21. Rfd1 Rd8 22. h4 Rxd3 23. Rxd3 h5 24. Qd2 f6 25. Bxc6 bxc6 26. Rd8 Kf7 27. Ra8 f5 28. Bf4 Qxh4 29. Bg5 Qc4 30. Qd8 Kg6 31. Qe7 Qd5 32. f4 h4 33. Rxe8 Qd1+ 34. Kh2 Rxe8 35. Qxe8+ Kh7 36. Qxe6 Qxc2 37. Qf7 h3 38. Qh5+ Kg8 39. Qe8+ Kh7 40. Kxh3 Qxc3+ 41. Kh2 Qc4 42. e6 Qxa2 43. Qh5+ 1-0

[Event "European Online Club-ch-F 2021"]
[Site "Online"]
[Date "2021.03.27"]
[Round "4.2"]
[White "Sochacki, Wojtek"]
[Black "Lammi, Jyri"]
[Result "1-0"]
[ECO "C41"]
[WhiteElo "2320"]
[BlackElo "2083"]
[Annotator "NA"]
[PlyCount "81"]
[EventDate "2021.03.27"]
[EventType "team-tourn"]
[EventCountry "NET"]
[SourceTitle "playchess.com"]
[Source "ChessBase"]
[SourceQuality "1"]
[TimeControl "900+5"]

1. e4 e5 2. Nf3 d6 3. d4 Nd7 4. Nc3 c6 5. Bc4 Be7 6. O-O Ngf6 7. Re1 O-O 8. a4 Qc7 9. h3 h6 10. Bb3 Re8 11. Be3 Nf8 12. dxe5 dxe5 13. Nh4 Be6 14. Nf5 Bxf5 15. exf5 Rad8 16. Qe2 Nd5 17. Qc4 Qa5 18. Ne4 Nh7 19. Bd2 Qc7 20. Rad1 Nhf6 21. Bc1 Qa5 22. Bd2 Qc7 23. g3 Bf8 24. Bc1 Be7 25. Kg2 Qa5 26. Bd2 Qc7 27. h4 Bf8 28. Bc1 Qa5 29. Nxf6+ gxf6 30. Qg4+ Kh7 31. Qh5 Rd7 32. c4 Qb4 33. Ba2 Qxa4 34. cxd5 Qxa2 35. dxc6 Rxd1 36. Rxd1 bxc6 37. Rd7 Re7 38. Bxh6 Rxd7 39. Bxf8+ Kg8 40. Qh6 Qd5+ 41. Kh2 1-0

[Event "European Online Club-ch-F 2021"]
[Site "Online"]
[Date "2021.03.27"]
[Round "4.3"]
[White "Graeffe, Petri"]
[Black "Eden, James"]
[Result "0-1"]
[ECO "A12"]
[WhiteElo "2043"]
[BlackElo "2294"]
[Annotator "NA"]
[PlyCount "74"]
[EventDate "2021.03.27"]
[EventType "team-tourn"]
[EventCountry "NET"]
[SourceTitle "playchess.com"]
[Source "ChessBase"]
[SourceQuality "1"]
[TimeControl "900+5"]

1. Nf3 d5 2. e3 Nf6 3. c4 c6 4. b3 Bg4 5. h3 Bh5 6. Bb2 e6 7. d3 Nbd7 8. Nbd2 Bd6 9. Qc2 O-O 10. g4 Bg6 11. Rg1 e5 12. h4 e4 13. Nd4 Nc5 14. Nf5 Bxf5 15. gxf5 exd3 16. Bxd3 Nxd3+ 17. Qxd3 dxc4 18. Qc3 Kh8 19. O-O-O Qe7 20. Nxc4 Bb4 21. Qe5 Rad8 22. Qg3 Rxd1+ 23. Kxd1 Rg8 24. Kc1 b5 25. Ne5 Ne8 26. Kb1 Bd6 27. f4 f6 28. Nxc6 Qe4+ 29. Ka1 Qxc6 30. h5 h6 31. Rc1 Qe4 32. Rc8 Qxf5 33. Rd8 Qxh5 34. Qe1 Qf7 35. Qd2 Qe7 36. Ra8 Qe4 37. a3 Qxa8 0-1

[Event "European Online Club-ch-F 2021"]
[Site "Online"]
[Date "2021.03.27"]
[Round "4.4"]
[White "Maatoug, Redwan"]
[Black "Puittinen, Mika"]
[Result "0-1"]
[ECO "B21"]
[WhiteElo "2202"]
[BlackElo "2007"]
[Annotator "NA"]
[PlyCount "86"]
[EventDate "2021.03.27"]
[EventType "team-tourn"]
[EventCountry "NET"]
[SourceTitle "playchess.com"]
[Source "ChessBase"]
[SourceQuality "1"]
[TimeControl "900+5"]

1. e4 e6 2. f4 c5 3. Nf3 Nc6 4. a4 d5 5. e5 Nh6 6. Nc3 Be7 7. g3 O-O 8. Bg2 f6 9. exf6 Bxf6 10. O-O Bd7 11. d3 Nf5 12. g4 Nfd4 13. g5 Nxf3+ 14. Rxf3 Bxc3 15. bxc3 Ne7 16. Rh3 e5 17. Rxh7 Kxh7 18. Qh5+ Kg8 19. g6 Rf5 20. Qh7+ Kf8 21. Qh8+ Ng8 22. Bxd5 Ke7 23. fxe5 Qf8 24. Be3 Rc8 25. Qh4+ Ke8 26. Bf7+ Rxf7 27. gxf7+ Qxf7 28. Qg3 Ne7 29. Rf1 Qg6 30. Bg5 Nf5 31. Qf4 Be6 32. h4 Kd7 33. Kh2 Rh8 34. Qe4 Qxg5 35. Qxb7+ Ke8 36. Qb8+ Qd8 37. Qxd8+ Kxd8 38. Rb1 Rxh4+ 39. Kg1 Kc7 40. Kf2 Rh2+ 41. Kf3 Rxc2 42. c4 Rd2 43. Rb3 Nd4+ 0-1

[Event "European Online Club-ch-F 2021"]
[Site "Online"]
[Date "2021.03.27"]
[Round "4.5"]
[White "Yilmazyerli, Mert"]
[Black "Hellers, Ferdinand"]
[Result "1/2-1/2"]
[ECO "A30"]
[WhiteElo "2413"]
[BlackElo "2592"]
[Annotator "ChessBase"]
[PlyCount "210"]
[EventDate "2021.03.27"]
[EventType "team-tourn"]
[EventCountry "NET"]
[SourceTitle "playchess.com"]
[Source "ChessBase"]
[SourceQuality "1"]
[TimeControl "900+5"]

1. Nf3 Nf6 2. g3 b6 3. Bg2 Bb7 4. O-O c5 5. c4 e6 6. Nc3 a6 7. d4 cxd4 8. Qxd4 d6 9. Rd1 Nbd7 10. Ng5 Bxg2 11. Kxg2 Rc8 12. Nge4 Rc6 13. Nxf6+ Nxf6 14. Bf4 Be7 15. Ne4 Nxe4 16. Qxe4 Qc8 17. b3 O-O 18. Rd2 b5 19. cxb5 axb5 20. a4 d5 21. Qd3 Bf6 22. axb5 Rc3 23. Qb1 e5 24. Bxe5 Bxe5 25. Rxd5 Rc5 26. Rxc5 Qxc5 27. Ra4 Qxb5 28. Qc2 Rb8 29. Rc4 Qb7+ 30. Qe4 f6 31. f4 Bb2 32. Qxb7 Rxb7 33. b4 Ba3 34. Rc3 Bxb4 35. Rb3 Rb6 36. Kf3 Bc5 37. Rc3 Be7 38. Rc7 Kf7 39. Ra7 Rb3+ 40. Kf2 Ke6 41. Rc7 h5 42. Rc4 Kd5 43. Rc8 g5 44. Rh8 Ke4 45. fxg5 fxg5 46. Rxh5 Bc5+ 47. Kg2 Be3 48. Rh8 Bd4 49. Rg8 Kf5 50. h4 gxh4 51. gxh4 Re3 52. Rf8+ Kg4 53. Kf1 Re4 54. Rf3 Kxh4 55. e3 Bxe3 56. Ke2 Bc5+ 57. Kd3 Re5 58. Kc4 Kg4 59. Rd3 Be3 60. Rd5 Re6 61. Rd1 Kf4 62. Kd5 Re5+ 63. Kd6 Ke4 64. Kc6 Re6+ 65. Rd6 Re5 66. Rd1 Rc5+ 67. Kd6 Ra5 68. Kd7 Bd4 69. Kc8 Kd5 70. Rd2 Ra7 71. Rd1 Rh7 72. Rd2 Kc5 73. Rd1 Be5 74. Rd7 Rh1 75. Rb7 Rh2 76. Kd7 Rh7+ 77. Kc8 Rh6 78. Kd7 Bd6 79. Kc8 Kd5 80. Kd7 Rh2 81. Rb5+ Bc5 82. Rb7 Rh3 83. Kc8 Bd6 84. Kd7 Rh4 85. Kc8 Ke6 86. Rb5 Rh8+ 87. Kb7 Kd7 88. Ka6 Bc7 89. Kb7 Rh6 90. Rd5+ Bd6 91. Rb5 Rh1 92. Kb6 Rc1 93. Kb7 Rc6 94. Rb6 Rc2 95. Rb5 Bc7 96. Rd5+ Bd6 97. Rb5 Rc4 98. Kb6 Bc7+ 99. Kb7 Rd4 100. Ka6 Rd1 101. Kb7 Rd2 102. Ka6 Kc8 103. Rc5 Ra2+ 104. Kb5 Kb7 105. Rd5 Rb2+ 1/2-1/2

[Event "European Online Club-ch-F 2021"]
[Site "Online"]
[Date "2021.03.27"]
[Round "4.6"]
[White "Moreau, Teodor"]
[Black "Isik, Alparslan"]
[Result "1/2-1/2"]
[ECO "D80"]
[WhiteElo "2329"]
[BlackElo "2321"]
[Annotator "NA"]
[PlyCount "85"]
[EventDate "2021.03.27"]
[EventType "team-tourn"]
[EventCountry "NET"]
[SourceTitle "playchess.com"]
[Source "ChessBase"]
[SourceQuality "1"]
[TimeControl "900+5"]

1. d4 Nf6 2. c4 g6 3. Nc3 d5 4. Bg5 Ne4 5. Bh4 Nxc3 6. bxc3 dxc4 7. e3 Be6 8. Qb1 Qc8 9. Nh3 Nd7 10. a4 a5 11. Nf4 Nb6 12. Nxe6 Qxe6 13. Qb5+ Qd7 14. Bxc4 Nxc4 15. Qxc4 Bg7 16. O-O O-O 17. Rab1 b6 18. Bg3 Rac8 19. Rb5 e6 20. h3 h5 21. Rfb1 Rfe8 22. Be5 Bxe5 23. Rxe5 Red8 24. Rbb5 Qe7 25. Rb3 Rd6 26. Reb5 Qd7 27. Qe2 Rd5 28. Qc4 Rxb5 29. Qxb5 Qxb5 30. Rxb5 Kf8 31. c4 c5 32. dxc5 Rxc5 33. Rxc5 bxc5 34. f4 e5 35. Kf2 Ke7 36. Kf3 Ke6 37. g4 hxg4+ 38. hxg4 f5 39. g5 Kd6 40. Ke2 Ke6 41. Kf3 Kd6 42. Ke2 Ke6 43. Kf3 1/2-1/2

[Event "European Online Club-ch-F 2021"]
[Site "Online"]
[Date "2021.03.27"]
[Round "4.7"]
[White "Karaoglan, Doruk"]
[Black "Reizniece-Ozola, Dana"]
[Result "0-1"]
[ECO "B25"]
[WhiteElo "2230"]
[BlackElo "2279"]
[Annotator "NA"]
[PlyCount "58"]
[EventDate "2021.03.27"]
[EventType "team-tourn"]
[EventCountry "NET"]
[SourceTitle "playchess.com"]
[Source "ChessBase"]
[SourceQuality "1"]
[TimeControl "900+5"]

1. e4 c5 2. Nc3 Nc6 3. g3 g6 4. Bg2 Bg7 5. d3 d6 6. f4 e6 7. Nf3 Nge7 8. O-O O-O 9. Be3 Nd4 10. e5 Nef5 11. Bf2 Bd7 12. Ne4 Bc6 13. exd6 Nxf3+ 14. Bxf3 Bxb2 15. Bxc5 Bd4+ 16. Bxd4 Nxd4 17. Bg2 Nf5 18. Qd2 Nxd6 19. Qc3 Nxe4 20. dxe4 Rc8 21. Qe3 Qa5 22. Rf2 Ba4 23. Rc1 Rc3 24. Qd4 Rfc8 25. f5 Rxc2 26. Rcxc2 Rxc2 27. Rxc2 Bxc2 28. fxe6 fxe6 29. e5 b5 0-1

[Event "European Online Club-ch-F 2021"]
[Site "Online"]
[Date "2021.03.27"]
[Round "4.8"]
[White "Cramling, Dan"]
[Black "Apaydin, Fethi"]
[Result "0-1"]
[ECO "A42"]
[WhiteElo "2292"]
[BlackElo "2260"]
[Annotator "NA"]
[PlyCount "114"]
[EventDate "2021.03.27"]
[EventType "team-tourn"]
[EventCountry "NET"]
[SourceTitle "playchess.com"]
[Source "ChessBase"]
[SourceQuality "1"]
[TimeControl "900+5"]

1. d4 d6 2. c4 e5 3. d5 g6 4. Nc3 Bg7 5. e4 Ne7 6. h4 h6 7. h5 g5 8. g4 c6 9. Nh3 Na6 10. Be3 Bd7 11. f3 Nc7 12. Nf2 c5 13. a3 O-O 14. b4 b6 15. bxc5 bxc5 16. Bd3 Rb8 17. O-O Na8 18. Bd2 Nc8 19. Qc2 Ncb6 20. Nfd1 Qc8 21. Ne3 Qd8 22. Nb5 Nxc4 23. Bxc4 Bxb5 24. Bxb5 Rxb5 25. Rab1 Nc7 26. a4 Rb8 27. Rxb8 Qxb8 28. Rb1 Qc8 29. Nf5 Qa6 30. Qb3 Qe2 31. Ba5 Na6 32. Rb2 c4 33. Rxe2 cxb3 34. Nxd6 Rb8 35. Nb5 Nc5 36. Bc7 Rb7 37. d6 Nxa4 38. Na3 Bf6 39. Nb1 Nc5 40. Rd2 Ne6 41. Ba5 Nd4 42. Kg2 Kf8 43. Bc3 Ke8 44. Na3 Kd7 45. Rb2 Kxd6 46. Nc4+ Kc5 47. Na5 Rb5 48. Bxd4+ exd4 49. Nxb3+ Kb6 50. Rb1 a5 51. Kf2 a4 52. Nd2 Rxb1 53. Nxb1 Be7 54. Ke2 a3 55. Nd2 a2 56. Nb3 Bb4 57. Kd3 Bc3 0-1